 Dungeon Crawl Stone Soup version 0.19-a0-981-gaae9137 (webtiles) character file.

224 mistymad the Covert (level 5, -2/25 HPs)
             Began as a Spriggan Assassin on July 14, 2016.
             Killed from afar by Sigmund (6 damage)
             ... with a puff of flame
             ... on level 3 of the Dungeon.
             The game lasted 00:09:57 (2468 turns).

mistymad the Covert (Spriggan Assassin)             Turns: 2468, Time: 00:09:58

Health: -2/25      AC:  4    Str:  7    XL:     5   Next: 67%
Magic:  6/6        EV: 19    Int: 13    God:
Gold:   102        SH:  0    Dex: 18    Spells: 1 memorised, 3 levels left

rFire  . . .     SeeInvis +     o - +1 dagger (speed)
rCold  + . .     Gourm    .     r - +1 robe {rC+}
rNeg   . . .     Faith    .     (shield restricted)
rPois  .         Spirit   .     (helmet restricted)
rElec  .         Dismiss  .     d - +0 cloak
rCorr  .         Reflect  .     (gloves unavailable)
SustAt .         Harm     .     (boots unavailable)
MR     .....                    (no amulet)
Stlth  +++++.....               (no ring)
                                (no ring)

@: very quick, not resistant to hostile enchantments, quite stealthy
A: unfitting armour, see invisible, herbivore 3, speed 3, slow metabolism 2
a: no special abilities


You were on level 3 of the Dungeon.
You were not hungry.

You visited 1 branch of the dungeon, and saw 3 of its levels.

You collected 102 gold pieces.

Inventory:

Hand Weapons
 b - a +0 blowgun
 j - a +2 dagger of holy wrath
 o - a +1 dagger of speed (weapon)
Missiles
 e - 4 poisoned needles
Armour
 d - a +0 cloak (worn)
 r - a +1 robe of cold resistance (worn)
Scrolls
 h - 2 scrolls of magic mapping {unknown}
 k - 4 scrolls of remove curse {unknown}
 l - a scroll of random uselessness
 q - a scroll of enchant weapon {unknown}
 v - a scroll of fear
 x - a scroll of teleportation {unknown}
Potions
 a - a potion of curing {unknown}
 c - a potion of degeneration {unknown}
 i - a potion of magic {unknown}
 m - a potion of agility {unknown}
 t - a potion of resistance {unknown}
 u - a potion of might {unknown}
 w - a potion of berserk rage {unknown}
Books
 s - a book of Cantrips

   Spells                             Type                      Level
   a - Confusing Touch                Hexes                        1
   b - Animate Skeleton               Necromancy                   1
   c - Summon Small Mammal            Summoning                    1
   d - Apportation                    Translocation                1
Comestibles
 g - 3 bread rations
 p - 4 fruits


   Skills:
 - Level 1.5 Fighting
 + Level 4.2 Short Blades
 - Level 2.0 Throwing
 + Level 4.0 Dodging
 + Level 8.2 Stealth


You had 3 spell levels left.
You knew the following spells:

 Your Spells              Type           Power        Failure   Level  Hunger
a - Apportation           Tloc           #.........   30%         1    ##.....


Dungeon Overview and Level Annotations

Branches:
Dungeon (3/15)

Altars:
Sif Muna
Uskayaw

Annotations:
D:3 Sigmund


Innate Abilities, Weirdness & Mutations

You are tiny and cannot use many weapons and most armour.
You have supernaturally acute eyesight. (SInv)
You are a herbivore.
You cover ground extremely quickly.
You need consume almost no food.


Message History

The ogre is moderately wounded.
You completely miss the ogre.
The ogre is moderately wounded.
The ogre hits you with a giant club!!
Ouch! That really hurt!
* * * LOW HITPOINT WARNING * * *
You take 18 damage, and have 4/25 hp.
MASSIVE DAMAGE!!
You barely miss the ogre.
The ogre is moderately wounded.
As you read the scroll labeled YVU VAELLU, it crumbles to dust.
You hear whistling wind.
It was a scroll of random uselessness.
Okay, then.
As you read the scroll labeled DEYCUU LIGH, it crumbles to dust.
It is a scroll of identify.
v - a scroll of fear The ogre looks more healthy.
Sigmund casts a spell at you. The puff of flame hits you!
You die...

.... #..... ###..#..#
##...##.## ##........#
###<......).###
####............$
...............#####
...##.........##@..##
.##..........##.....##
###..........#.O.....#
.......†(....#..._...#
........†...##.......#
.........######..(..##
#.#.......# ##@..##
..........#######.##
..........@.(...(.#


You could see Sigmund (invisible) and an ogre.

Vanquished Creatures
  Jessica (D:2)
  Natasha (thrice) (D:2)
  6 adders
  2 worms (D:2)
  2 dart slugs (D:1)
  4 giant geckos
  A ball python (D:2)
  A bat (D:2)
  3 giant cockroaches
  8 goblins
  7 hobgoblins
  3 jackals (D:1)
  9 kobolds
  5 giant newts
  4 rats
59 creatures vanquished.

Notes
Turn   | Place    | Note
-------+----------+-------------------------------------------
     0 | D:1      | mistymad the Spriggan Assassin began the quest for the Orb.
     0 | D:1      | Reached XP level 1. HP: 10/10 MP: 2/2
    54 | D:1      | Reached skill level 6 in Stealth
   398 | D:1      | Reached XP level 2. HP: 14/14 MP: 3/3
   990 | D:1      | Reached XP level 3. HP: 14/18 MP: 4/4
  1203 | D:2      | Noticed Natasha
  1215 | D:2      | Killed Natasha
  1215 | D:2      | Reached skill level 7 in Stealth
  1234 | D:2      | Found a hide-covered altar of Uskayaw.
  1238 | D:2      | Reached XP level 4. HP: 22/22 MP: 5/5
  1788 | D:2      | Noticed Jessica
  1796 | D:2      | Killed Jessica
  1817 | D:2      | Learned a level 1 spell: Apportation
  1879 | D:2      | Noticed Natasha
  1903 | D:2      | Killed Natasha
  1903 | D:2      | Reached XP level 5. HP: 25/25 MP: 6/6
  1954 | D:2      | Noticed Natasha
  1956 | D:2      | Killed Natasha
  1956 | D:2      | Reached skill level 8 in Stealth
  2401 | D:3      | Noticed Sigmund
  2402 | D:3      | Noticed an ogre
  2429 | D:3      | Found a deep blue altar of Sif Muna.
  2468 | D:3      | Killed from afar by Sigmund

Vault maps used:
D:1:      dpeg_arrival_arbitrary_a
D:2:      old_standard_altar, first_bread, kennysheep_generic_room_14,
          uniq_jessica, uniq_natasha
D:3:      lemuel_round_altar, uniq_sigmund

Skill      XL: |  1  2  3  4  5 |
---------------+----------------+-----
Stealth        | 6 7 8 |  8.2
Short Blades   | 3 4 |  4.2
Dodging        | 2 3 4 |  4.0
Fighting       | |  1.5
Throwing       | |  2.0

Action                   |  1- 3 |  4- 6 || total
-------------------------+-------+-------++-------
Melee: Dagger            |    97 |   124 ||   221
 Fire: Blowgun           |       |    30 ||    30
  Use: Scroll            |       |     2 ||     2
 Stab: Sleeping          |     8 |     7 ||    15
Armor: Robe              |    11 |     7 ||    18
Dodge: Dodged            |    58 |    70 ||   128
